 Dungeon Crawl Stone Soup version 0.28.0 (webtiles) character file.

Game seed: 12360645775642611443

1 elried the Blocker (level 1, 0/13 HPs)
             Began as a Gnoll Wanderer on Feb 13, 2022.
             Constricted to death by a ball python (1 damage)
             ... on level 1 of the Dungeon.
             The game lasted 00:00:53 (52 turns).

elried the Blocker (Gnoll Wanderer)                   Turns: 52, Time: 00:01:04

Health: 0/13       AC:  3    Str:  8    XL:     1   Next: 20%
Magic:  1/1        EV: 11    Int:  8    God:
Gold:   0          SH:  9    Dex: 17    Spells: 0/0 levels left

rFire   . . .      SeeInvis .   a - +0 dagger
rCold   . . .      Faith    .   e - +2 buckler
rNeg    . . .      Spirit   .   d - +0 robe
rPois   .          Reflect  .   (no helmet)
rElec   .          Harm     .   c - +0 cloak
rCorr   .          Rampage  .   (no gloves)
Will    .....                   (no boots)
Stlth   ++........              (no amulet)
HPRegen 0.04/turn               (no ring)
MPRegen 0.07/turn               (no ring)

@: constricted
A: fangs 1, strong nose, distributed training
a: no special abilities


You were on level 1 of the Dungeon.
You visited 1 branch of the dungeon, and saw 1 of its levels.

Inventory:

Hand Weapons
 a - a +0 dagger (weapon)
Armour
 c - a +0 cloak (worn)
 d - a +0 robe (worn)
 e - a +2 buckler (worn)
Potions
 b - a potion of lignification


   Skills:
 + Level 0.0 Fighting
 + Level 0.0 Short Blades
 + Level 0.0 Long Blades
 + Level 0.0 Axes
 + Level 0.0 Maces & Flails
 + Level 0.0 Polearms
 + Level 0.0 Staves
 + Level 0.0 Slings
 + Level 0.0 Bows
 + Level 0.0 Crossbows
 + Level 0.0 Throwing
 + Level 2.3 Armour
 + Level 4.4 Dodging
 + Level 0.0 Stealth
 + Level 10.3 Shields
 + Level 4.4 Unarmed Combat
 + Level 0.0 Spellcasting
 + Level 0.0 Conjurations
 + Level 0.0 Hexes
 + Level 0.0 Summonings
 + Level 0.0 Necromancy
 + Level 0.0 Translocations
 + Level 0.0 Transmutations
 + Level 0.0 Fire Magic
 + Level 0.0 Ice Magic
 + Level 0.0 Air Magic
 + Level 0.0 Earth Magic
 + Level 0.0 Poison Magic
 + Level 0.0 Invocations
 + Level 0.0 Evocations


You couldn't memorise any spells.
You didn't know any spells.
Your spell library was empty.

Dungeon Overview and Level Annotations

Branches:
Dungeon (1/15)

Altars:


Innate Abilities, Weirdness & Mutations

You have very sharp teeth.
Your uncanny sense of smell can sniff out nearby items.
Your experience applies equally to all skills.


Message History

You completely miss the hobgoblin.
The hobgoblin shouts!
The kobold hits you with a +0 short sword.
You block the hobgoblin's attack. The goblin hits you but does no damage.
You closely miss the hobgoblin. The kobold closely misses you.
The hobgoblin misses you. The goblin hits you but does no damage.
You barely miss the hobgoblin.
An endoplasm comes into view.
You block the kobold's attack. The hobgoblin closely misses you.
The goblin misses you.
You hit the hobgoblin but do no damage. The kobold closely misses you.
The hobgoblin barely misses you. You block the goblin's attack.
You hit the hobgoblin.
The hobgoblin is moderately wounded.
You block the ball python's attack. The ball python closely misses you.
The kobold hits you with a +0 short sword.
You block the hobgoblin's attack. The goblin misses you.
You hit the hobgoblin but do no damage.
The hobgoblin is moderately wounded.
The ball python closely misses you. You block the ball python's attack.
You block the kobold's attack. The hobgoblin hits you.
The goblin hits you but does no damage.
You hit the hobgoblin but do no damage.
The hobgoblin is moderately wounded.
The ball python misses you. The ball python grabs you.
The ball python constricts you. You block the kobold's attack.
The hobgoblin hits you. You block the goblin's attack.
You block the hobgoblin's attack. The ball python barely misses you.
The ball python constricts you.
You escape the ball python's grasp.
The hobgoblin closely misses you. You block the hobgoblin's attack.
The goblin hits you with a +0 dagger.
* * * LOW HITPOINT WARNING * * *
The kobold misses you. The endoplasm freezes you.
You are frozen.
* * * LOW HITPOINT WARNING * * *
The goblin hits you but does no damage.
The ball python bites you but does no damage.
The ball python grabs you. The ball python constricts you.
You die...

##. #. #.###### ..∆
#...##.. . #...##.# .#
#...##.####.#######
#...##......#e#H#g#
#######.g.##.##.#########
.......Kg.........'......
.......g@........########
.......SJ........##.#6#K#
...####...##.##...#######
## #...##.......#
#....?.###.##... #....#.
#.# ###. #....#.# #.#
...... #


You could see an endoplasm, 2 hobgoblins, a goblin, a ball python and a kobold.

Vanquished Creatures
  A ball python (D:1)
1 creature vanquished.

Notes
Turn   | Place    | Note
-------+----------+-------------------------------------------
     0 | D:1      | Reached skill level 10 in Shields
     0 | D:1      | elried the Gnoll Wanderer began the quest for the Orb.
     0 | D:1      | elried set off with the following items: a +0 dagger, a
                  | potion of lignification, a +0 cloak, a +0 robe, a +2
                  | buckler
     0 | D:1      | Reached XP level 1. HP: 13/13 MP: 1/1
     2 | D:1      | Noticed an ogre
     2 | D:1      | Noticed a vine stalker
     4 | D:1      | Noticed a formicid
     4 | D:1      | Noticed a naga
     6 | D:1      | Noticed a spriggan
     8 | D:1      | Noticed an octopode
     8 | D:1      | Noticed a draconian
    12 | D:1      | Noticed a demigod
    14 | D:1      | Noticed a vampire
    14 | D:1      | Noticed a felid
    16 | D:1      | Noticed a human
    16 | D:1      | Noticed a ghoul
    18 | D:1      | Noticed a tengu
    18 | D:1      | Noticed a gargoyle
    20 | D:1      | Noticed a troll
    20 | D:1      | Noticed a merfolk
    22 | D:1      | Noticed a dwarf
    24 | D:1      | Noticed a minotaur
    24 | D:1      | Noticed a demonspawn
    26 | D:1      | Noticed an elf
    52 | D:1      | Constricted to death by a ball python

Illustrated notes

Levels and vault maps discovered:
D:1:      kb_arrival_jail, layout_loops_cross, shapermc_ecumenical_altar_gd

Skill      XL: | |
---------------+-+-----
Shields        | | 10.3
Armour         | |  2.3
Dodging        | |  4.4
Unarmed Combat | |  4.4

Action                   || total
-------------------------++-------
Melee: Dagger            ||    10
       Bite              ||     1
Armor: Robe              ||     5
Dodge: Dodged            ||    17
Block: Buckler           ||    11
